 Dungeon Crawl Stone Soup version 0.27-a0-1090-gb115f176c6 (webtiles) character file.

Game seed: 5414427484566034929

32 rageheart7 the Ruffian (level 3, 0/21 (30) HPs)
             Began as a Draconian Transmuter on Apr 27, 2021.
             Slain by Terence
             ... wielding a +0 short sword
              (7 damage)
             ... on level 2 of the Dungeon.
             The game lasted 00:01:55 (1833 turns).

rageheart7 the Ruffian (Draconian Transmuter)       Turns: 1833, Time: 00:01:55

HP:   0/21 (30)     AC:  5    Str: 13    XL:     3   Next: 8%
MP:   6/6           EV: 16    Int: 13    God:
Gold: 40            SH:  0    Dex:  9    Spells: 5/6 levels left

rFire    . . .     SeeInvis .     - Unarmed
rCold    . . .     Faith    .   (no shield)
rNeg     . . .     Spirit   .   (armour unavailable)
rPois    +         Reflect  .   (helmet currently unavailable)
rElec    .         Harm     .   (no cloak)
rCorr    .         Rampage  .   (no gloves)
Will     +....                  (boots currently unavailable)
Stlth    +.........             (no amulet)
HPRegen  0.07/turn              h - ring of flight
MPRegen  0.10/turn              d - ring of Lyhuf {rPois Will+ EV+4 Dex-2}

@: appendages (expiring), flying, very heavily drained
A: horns 2, talons 2, AC +5, unfitting armour, cold-blooded
a: End Transformation


You were on level 2 of the Dungeon.
You had temporarily grown beastly horns and talons.
You visited 1 branch of the dungeon, and saw 2 of its levels.

You collected 40 gold pieces.

Inventory:

Jewellery
 d - the ring of Lyhuf (right hand) {rPois Will+ EV+4 Dex-2}
   (You acquired it on level 1 of the Dungeon)

   [ring of evasion]

   It affects your evasion (+4).
   It affects your dexterity (-2).
   It protects you from poison.
   It increases your willpower.
 h - a ring of flight (left hand)
Wands
 i - a wand of iceblast (8)
Scrolls
 c - a scroll of teleportation
Potions
 a - a potion of mutation {unknown}
 b - 2 potions of heal wounds {unknown}
 e - a potion of haste
 f - 2 potions of attraction
 g - a potion of cancellation {unknown}


   Skills:
 * Level 2.4 Fighting
 - Level 1.7 Dodging
 * Level 3.6 Unarmed Combat
 - Level 2.0 Spellcasting
 - Level 2.0 Transmutations


You had 5 spell levels left.
You knew the following spells:

 Your Spells              Type           Power      Damage    Failure   Level
a - Beastly Appendage     Tmut           12%        N/A       11%         1

Your spell library contained the following spells:

 Spells                   Type           Power      Damage    Failure   Level
 Wereblood                Tmut           6%         N/A       17%         2
 Magic Dart               Conj           4%         1d3       26%         1
 Searing Ray              Conj           2%         3d3       36%         2
 Spider Form              Tmut/Pois      1%         N/A       45%         3
 Dazzling Flash           Conj/Hex       2%         N/A       58%         3
 Ice Form                 Ice/Tmut       3%         N/A       86%         4
 Fulminant Prism          Conj/Hex       0%         3d6       94%         4
 Iskenderun's Mystic Bla  Conj/Tloc      1%         2d3       94%         4
 Hydra Form               Tmut           3%         N/A       97%         5


Dungeon Overview and Level Annotations

Branches:
Dungeon (2/15)

Altars:

Shops:
D:1 (

Annotations:
D:2 Terence


Innate Abilities, Weirdness & Mutations

You have temporarily grown beastly horns and talons.
Your plain brown scales are hard. (AC +5)
You cannot fit into any form of body armour.
You are cold-blooded and may be slowed by cold attacks.


Message History

You are too injured to fight recklessly!
You are too injured to fight recklessly!
You are too injured to fight recklessly!
You are too injured to fight recklessly!
You are too injured to fight recklessly!
You are too injured to fight recklessly!
You are too injured to fight recklessly!
You are too injured to fight recklessly!
You are too injured to fight recklessly!
You are too injured to fight recklessly!
Your horns disappear.
Your talons disappear.
The hobgoblin completely misses you.
Casting: Beastly Appendage (safe; 11% risk of failure)
Confirm with . or Enter, or press ? or * to list all spells.
You grow a pair of large bovine horns.
Your feet morph into talons.
The hobgoblin barely misses you.
You closely miss the hobgoblin. The hobgoblin closely misses you.
You hit the hobgoblin.
The hobgoblin is lightly wounded.
The hobgoblin closely misses you.
You hit the hobgoblin.
The hobgoblin is heavily wounded.
The hobgoblin closely misses you.
You barely miss the hobgoblin. Your kick misses the hobgoblin.
You tail-slap the hobgoblin.
You kill the hobgoblin!
You barely miss the kobold. You closely miss the kobold.
Your headbutt misses the kobold.
Your transformation is almost over.
The kobold hits you with a +2 dagger of draining.
* * * LOW HITPOINT WARNING * * *
You feel drained.
You hit the kobold but do no damage. The kobold barely misses you.
You hit the kobold.
You kill the kobold!
You hit Terence. You claw Terence, but do no damage.
You tail-slap Terence, but do no damage.
Terence is moderately wounded.
Terence hits you with a +0 short sword!
You die...

#.....######## ##.....#
#...(### #^############
#)...........#
#..........#.###
#..........#...# .
#..........###.######..
############ #@#.......
#@#.....). #.#.......
#.#....... #.........
###@...... ....... ###
....... #.. .....## #.#


You could see Terence.

Vanquished Creatures
  A dart slug (D:1)
  5 endoplasms
  3 giant cockroaches (D:1)
  4 hobgoblins
  6 kobolds
  A quokka (D:1)
  3 bats (D:1)
  A frilled lizard (D:2)
  A rat (D:1)
25 creatures vanquished.

Notes
Turn   | Place    | Note
-------+----------+-------------------------------------------
     0 | D:1      | rageheart7 the Draconian Transmuter began the quest for the
                  | Orb.
     0 | D:1      | Reached XP level 1. HP: 16/16 MP: 3/3
   477 | D:1      | Reached XP level 2. HP: 22/24 MP: 3/5
  1288 | D:1      | Found Peoq's Antique Weapon Boutique.
  1294 | D:1      | Identified a scroll of acquirement
  1294 | D:1      | Acquired the ring of Lyhuf {rPois Will+ EV+4 Dex-2}
  1691 | D:2      | Reached XP level 3. HP: 27/30 MP: 4/6
  1799 | D:2      | Noticed Terence
  1833 | D:2      | Slain by Terence

Illustrated notes

Levels and vault maps discovered:
D:1:      dpeg_arrival_simpleton_a, layout_loops_corners, serial_shops,
          nicolae_shop_waterfront, serial_park_tiny_1, skrybe_limestone_x
D:2:      layout_basic, shapermc_ecumenical_altar_mp_urbaneastern, uniq_terence

Skill      XL: |  1  2 |
---------------+-------+-----
Fighting       | 2 |  2.4
Dodging        | |  1.7
Unarmed Combat | |  3.6
Spellcasting   | |  2.0
Transmutations | |  2.0

Action                   || total
-------------------------++-------
Melee: Unarmed           ||    97
       Kick              ||    11
       Tailslap          ||    10
       Headbutt          ||     9
       Punch             ||     1
 Cast: Beastly Appendage ||    23
  Use: Scroll            ||     4
 Stab: Sleeping          ||     1
Armor: Skin              ||    15
Dodge: Dodged            ||    70

Table legend: (Time is in decaauts)
 A = Elapsed time spent in this place.
 B = Non-inter-level travel time spent in this place.
 C = Inter-level travel time spent in this place.
 D = Time resting spent in this place.
 E = Time spent auto-exploring this place.
 F = Levels seen in this place.
 G = Mean time per level.
                   A        B        C        D        E       F      G
               +--------+--------+--------+--------+--------+-----+--------+
         Total |   1827 |   1801 |     26 |      0 |   1596 |   2 |  913.5 |
       Dungeon |   1827 |   1801 |     26 |      0 |   1596 |   2 |  913.5 |
               +--------+--------+--------+--------+--------+-----+--------+

Top non-repeatable levels by time:
     D:1: 1324 daAuts
     D:2: 503 daAuts
